 Dungeon Sprint DCSS version 0.22-a0-880-gb7b0c8b (webtiles) character file.

7900000 protoss039 the Middleweight Champion (level 27, -7/273 HPs)
             Began as a Ghoul Gladiator on July 30, 2018.
             Was the Champion of Makhleb.
             Killed by divine providence
             ... invoked by an accursed
              (10 damage)
             ... in the Dungeon (Sprint VIII: "Arena of Blood").
             The game lasted 00:05:22 (79 turns).

protoss039 the Middleweight Champion (GhGl)           Turns: 79, Time: 00:05:26

Health: -7/273     AC:  8    Str: 22    XL:     27
Magic:  36/53      EV: 34    Int:  3    God:    Makhleb [******]
Gold:   0          SH:  0    Dex: 19    Spells: 80/80 levels left

rFire    . . .     SeeInvis +   k - +∞ Axe of Woe
rCold    + . .     Gourm    .   (shield currently unavailable)
rNeg     + + +     Faith    .   a - +0 leather armour
rPois    ∞         Spirit   .   b - +0 helmet
rElec    .         Reflect  .   (no cloak)
rCorr    .         Harm     .   (no gloves)
MR       ++...     NoTele   +   (no boots)
Stlth    +++++++++.             (no amulet)
HPRegen  0.00/turn              l - ring of see invisible
MPRegen  0.33/turn              (no ring)

@: marked, rotting
A: rotting body, claws 1, carnivore, cold resistance 1, negative energy
resistance 3, inhibited regeneration, torment resistance, unbreathing
a: Minor Destruction, Lesser Servant of Makhleb, Major Destruction, Greater
Servant of Makhleb, Renounce Religion


You were in the Dungeon.
You worshipped Makhleb.
Makhleb was exalted by your worship.
You were not hungry.

You visited 1 branch

Inventory:

Hand Weapons
 k - the +∞ Axe of Woe (weapon)
   (You found it in the Dungeon)
Missiles
 c - 3 throwing nets (quivered)
Armour
 a - a +0 leather armour (worn)
 b - a +0 helmet (worn)
Jewellery
 l - a ring of see invisible (left claw)
Scrolls
 j - a scroll of blinking
Potions
 e - a potion of curing
 f - a potion of heal wounds
 g - a potion of haste
 h - 2 potions of magic
 i - a potion of berserk rage
Comestibles
 d - a ration


   Skills:
 O Level 27 Fighting
 O Level 27 Axes
 O Level 27 Throwing
 O Level 27 Armour
 O Level 27 Dodging
 O Level 27 Stealth
 O Level 27 Unarmed Combat
 O Level 27 Spellcasting
 O Level 27 Invocations


You had 80 spell levels left.
You didn't know any spells.
Your spell library was empty.

Dungeon Overview and Level Annotations

Branches:
Dungeon (1/1)

Altars:
Makhleb


Innate Abilities, Weirdness & Mutations

Your body is rotting away.
You thrive on raw meat.
You are immune to poison.
You have sharp fingernails.
You are carnivorous and can eat meat at any time.
Your flesh is cold resistant. (rC+)
You are immune to negative energy. (rN+++)
You do not regenerate when monsters are visible.
You are immune to unholy pain and torment.
You can survive without breathing.


Message History

The sculptor of flesh hits you with a +9 great sword!!!!
The accursed points at you and mumbles some strange words.
Something smites you!
* * * LOW HITPOINT WARNING * * *
The meat beast completely misses you. The meat beast misses you.
The bag of meat hits you with a +9 war axe!!
* * * LOW HITPOINT WARNING * * *
A meat berserker comes into view. It is wielding a +9 battleaxe.
The accursed casts a spell at you. Something smites you!
* * * LOW HITPOINT WARNING * * *
The accursed casts a spell at you. Something smites you!
* * * LOW HITPOINT WARNING * * *
The bag of meat hits you with a +9 war axe!!
* * * LOW HITPOINT WARNING * * *
A bag of meat comes into view. It is wielding a +9 war axe.
The accursed points at you and mumbles some strange words.
Something smites you!
You die...

........##)##.#####..
......))))..))......
.####..)))##.##......
#......)))..oo..V%D..
.#...W)Wx)o.#V#Mo....
#....x.)xxV.o.oo...#
..#...Moo))Ox)ox.L...
...#§.z..OOOOx2ooo...


..o...zOOoo@2OOooo... ....oOOo.Mo2zOOo2.o.. .....xO#.x.xxM.#o....
.#..O.o#.)WOx.o#..... ..oo###.o....z###o.. O.....o###M.W..... o......_)).MO....
.....#o..)O#...... .....#_.<)_#...... You could see 6 accurseds, 4 meat beasts,
a tyrant, an eight-headed meat hydra, 3 destroyers, 4 sculptors of flesh, 3
large bags of meat, a wretched soul (invisible), 3 dreads, 15 meat berserkers, 4
small abominations, 28 bags of meat and 8 crawling corpses.

Vanquished Creatures
  Sigmund (D)
  8 hell beasts (D)
  2 greater mummies (D)
  3 wraiths (D)
  11 vampire knights (D)
  39 ogres (D)
  2 two-headed ogres (D)
  2 liches (D)
  57 orcs (D)
  4 skeletal warriors (D)
  6 large abominations (D)
  10 small abominations (D)
  7 crawling corpses (D)
152 creatures vanquished.

Vanquished Creatures (others)
  2 crawling corpses (D)
2 creatures vanquished.

Grand Total: 154 creatures vanquished

Notes
Turn   | Place    | Note
-------+----------+-------------------------------------------
     0 | D        | Found the +∞ Axe of Woe
     0 | D        | protoss039 the Ghoul Gladiator began the quest for the Orb.
     0 | D        | Reached XP level 1. HP: 17/17 MP: 0/0
     1 | D        | Noticed a bag of meat
     2 | D        | Noticed a bag of meat
     3 | D        | Became a worshipper of Makhleb the Destroyer
     3 | D        | Noticed a meat berserker
     5 | D        | Killed a meat berserker
     5 | D        | Reached XP level 2. HP: 42/42 MP: 1/1
     5 | D        | Reached XP level 3. HP: 49/49 MP: 2/2
     5 | D        | Reached XP level 4. HP: 57/57 MP: 3/3
     5 | D        | Reached XP level 5. HP: 63/63 MP: 4/4
     5 | D        | Reached XP level 6. HP: 71/71 MP: 5/5
     5 | D        | Reached XP level 7. HP: 78/78 MP: 6/6
     5 | D        | Reached XP level 8. HP: 85/85 MP: 7/7
     5 | D        | Reached XP level 9. HP: 92/92 MP: 8/8
     5 | D        | Reached XP level 10. HP: 100/100 MP: 9/9
     5 | D        | Reached XP level 11. HP: 106/106 MP: 10/10
     5 | D        | Reached XP level 12. HP: 113/113 MP: 11/11
     5 | D        | Reached XP level 13. HP: 119/119 MP: 12/12
     5 | D        | Noticed a meat berserker
     6 | D        | Noticed a bag of meat
     7 | D        | Killed a meat berserker
     7 | D        | Reached * piety under Makhleb
     7 | D        | Reached skill level 5 in Axes
     7 | D        | Reached skill level 1 in Armour
     7 | D        | Reached XP level 14. HP: 96/133 MP: 13/13
     7 | D        | Killed a bag of meat
     7 | D        | Reached skill level 15 in Fighting
     7 | D        | Reached XP level 15. HP: 103/143 MP: 14/14
     7 | D        | Noticed a meat berserker
     9 | D        | Noticed a meat berserker
    10 | D        | Noticed a meat berserker
    11 | D        | Noticed a large bag of meat
    13 | D        | Noticed a meat berserker
    14 | D        | Noticed a meat berserker
    14 | D        | Killed a meat berserker
    14 | D        | Reached ** piety under Makhleb
    14 | D        | Reached skill level 10 in Axes
    14 | D        | Reached skill level 15 in Throwing
    14 | D        | Reached skill level 27 in Unarmed Combat
    14 | D        | Reached XP level 16. HP: 159/159 MP: 15/15
    14 | D        | Reached skill level 27 in Dodging
    14 | D        | Reached XP level 17. HP: 171/171 MP: 16/16
    14 | D        | Reached *** piety under Makhleb
    14 | D        | Reached skill level 15 in Axes
    14 | D        | Reached skill level 5 in Armour
    14 | D        | Noticed a meat berserker
    14 | D        | Noticed a meat berserker
    14 | D        | Noticed a meat berserker
    15 | D        | Killed a large bag of meat
    15 | D        | Reached XP level 18. HP: 190/190 MP: 17/17
    15 | D        | Reached **** piety under Makhleb
    15 | D        | Noticed a meat berserker
    15 | D        | Noticed a meat berserker
    16 | D        | Killed a meat berserker
    16 | D        | Reached skill level 27 in Fighting
    16 | D        | Reached XP level 19. HP: 207/207 MP: 18/18
    16 | D        | Killed a meat berserker
    16 | D        | Reached skill level 27 in Axes
    16 | D        | Reached skill level 10 in Armour
    16 | D        | Noticed a meat berserker
    17 | D        | Killed a meat berserker
    17 | D        | Reached ***** piety under Makhleb
    17 | D        | Reached skill level 27 in Throwing
    17 | D        | Reached XP level 20. HP: 216/216 MP: 19/19
    17 | D        | Noticed a meat berserker
    20 | D        | Killed a meat berserker
    20 | D        | Killed a meat berserker
    20 | D        | Reached skill level 27 in Armour
    20 | D        | Reached XP level 21. HP: 224/224 MP: 20/20
    20 | D        | Reached skill level 10 in Spellcasting
    20 | D        | Reached skill level 15 in Invocations
    21 | D        | Killed a meat berserker
    21 | D        | Reached ****** piety under Makhleb
    21 | D        | Reached XP level 22. HP: 233/233 MP: 20/41
    22 | D        | Reached skill level 27 in Stealth
    23 | D        | Reached skill level 27 in Invocations
    23 | D        | Reached XP level 23. HP: 240/240 MP: 20/51
    23 | D        | Reached skill level 27 in Spellcasting
    27 | D        | Reached XP level 24. HP: 203/249 MP: 21/53
    30 | D        | Noticed a destroyer
    32 | D        | Noticed a destroyer
    34 | D        | Reached XP level 25. HP: 187/257 MP: 23/53
    40 | D        | Noticed a destroyer
    41 | D        | Noticed a destroyer
    41 | D        | Noticed a destroyer
    41 | D        | Noticed a destroyer
    42 | D        | Noticed a destroyer
    43 | D        | Killed a destroyer
    43 | D        | Reached XP level 26. HP: 266/266 MP: 26/53
    44 | D        | Noticed a large bag of meat
    45 | D        | Killed a destroyer
    45 | D        | Reached XP level 27. HP: 273/273 MP: 27/53
    45 | D        | Noticed a destroyer
    46 | D        | Killed a destroyer
    47 | D        | Killed a destroyer
    48 | D        | Noticed a tyrant
    50 | D        | Killed a destroyer
    51 | D        | Killed a destroyer
    52 | D        | Noticed a tyrant
    52 | D        | Noticed an accursed
    53 | D        | Killed a large bag of meat
    53 | D        | Noticed a destroyer
    55 | D        | Noticed a destroyer
    57 | D        | Noticed an accursed
    57 | D        | Noticed The Captor
    58 | D        | Killed a tyrant
    59 | D        | Killed a destroyer
    60 | D        | Noticed a destroyer
    61 | D        | Noticed a dread
    61 | D        | Noticed a meat beast
    61 | D        | Noticed a dread
    61 | D        | Noticed a meat beast
    62 | D        | Killed a destroyer
    62 | D        | Noticed an accursed
    63 | D        | Noticed a destroyer
    64 | D        | Killed a destroyer
    65 | D        | Killed a destroyer
    65 | D        | Killed a tyrant
    65 | D        | Killed an accursed
    65 | D        | Killed a destroyer
    66 | D        | Noticed a dread
    66 | D        | Noticed a meat beast
    67 | D        | Killed a meat beast
    68 | D        | Noticed an accursed
    68 | D        | Noticed a large bag of meat
    69 | D        | Killed an accursed
    69 | D        | Killed a meat beast
    69 | D        | Noticed a meat beast
    69 | D        | Noticed a destroyer
    69 | D        | Noticed an accursed
    69 | D        | Noticed a meat beast
    70 | D        | Killed a meat beast
    70 | D        | Noticed a meat beast
    70 | D        | Noticed a meat beast
    71 | D        | Noticed a meat beast
    72 | D        | Killed a dread
    72 | D        | Killed a dread
    72 | D        | Killed a dread
    72 | D        | Noticed a meat beast
    73 | D        | Killed The Captor
    73 | D        | Noticed an accursed
    73 | D        | Noticed a dread
    74 | D        | Killed a meat beast
    74 | D        | Killed a meat beast
    74 | D        | Noticed an accursed
    75 | D        | Killed a meat beast
    75 | D        | Noticed a large bag of meat
    76 | D        | Noticed a meat beast
    76 | D        | Noticed a dread
    76 | D        | Noticed a destroyer
    76 | D        | Noticed a dread
    76 | D        | Noticed a meat beast
    77 | D        | Killed a meat beast
    77 | D        | Noticed a large bag of meat
    78 | D        | Noticed a meat beast
    78 | D        | Killed a meat beast
    78 | D        | Noticed a destroyer
    78 | D        | Noticed an accursed
    79 | D        | Noticed a tyrant
    79 | D        | HP: 3/273 [bag of meat/+9 war axe (27)]
    79 | D        | Killed from afar by an accursed

Vault maps used:
D:        meatsprint

Skill      XL: |  1  2  3  4  5  6  7  8  9 10 11 12 13 14 15 16 17 18 19 20 21 22 23 |
---------------+----------------------------------------------------------------------+-----
Fighting       | 12 14 15 18 20 23 27 | 27.0
Axes           | 4 5 6 10 13 18 24 27 | 27.0
Throwing       | 11 12 13 15 16 19 21 27 | 27.0
Dodging        | 18 21 22 25 27 | 27.0
Unarmed Combat | 21 24 25 27 | 27.0
Armour         | 1 2 3 4 7 9 16 27 | 27.0
Stealth        | 22 27 | 27.0
Spellcasting   | 16 25 27 | 27.0
Invocations    | 20 27 | 27.0

Action                   |  1- 3 |  4- 6 |  7- 9 | 10-12 | 13-15 | 16-18 | 19-21 | 22-24 | 25-27 || total
-------------------------+-------+-------+-------+-------+-------+-------+-------+-------+-------++-------
Melee: Executioner's axe |     1 |       |       |       |     3 |     2 |     3 |     5 |    24 ||    38
Armor: Leather armour    |       |       |       |       |       |       |       |       |     4 ||     4
Dodge: Dodged            |       |       |       |       |     1 |       |     1 |     2 |    24 ||    28

Table legend:
 A = Spawn XP
 B = Non-spawn XP
 C = Spawn XP percentage of total XP
 D = Spawn monster count
 E = Non-spawn monster count
 F = Spawn count percentage of total count
 G = Total turns spent on level
                    A         B        C        D         E        F      G
               +---------+---------+-------+---------+---------+-------+---------
         Total |       0 | 5234131 |   0.0 |       0 |     145 |   0.0 |    79
               +---------+---------+-------+---------+---------+-------+---------
             D |       0 | 5234131 |   0.0 |       0 |     145 |   0.0 |    79
               +---------+---------+-------+---------+---------+-------+---------
